 Dungeon Crawl Stone Soup version 0.29.1-1-gd02db6906a (webtiles) character file.

Game seed: 16278123046304721451

39 gzilladon the Chopper (level 3, -1/33 HPs)
             Began as a Hill Orc Monk on Sept 23, 2022.
             Slain by Grinder (7 damage)
             ... on level 4 of the Dungeon.
             The game lasted 00:08:10 (1896 turns).

gzilladon the Chopper (Hill Orc Monk)               Turns: 1896, Time: 00:08:11

Health: -1/33      AC:  8    Str: 15    XL:     3   Next: 45%
Magic:  3/3        EV:  7    Int: 10    God:
Gold:   131        SH:  0    Dex: 13    Spells: 2/2 levels left

rFire   . . .      SeeInvis .   a - +0 hand axe
rCold   . . .      Faith    .   (no shield)
rNeg    . . .      Spirit   .   y - +0 chain mail
rPois   .          Reflect  .   (no helmet)
rElec   .          Harm     .   (no cloak)
rCorr   .          Rampage  .   (no gloves)
Will    .....                   (no boots)
Stlth   ..........              (no amulet)
HPRegen 0.11/turn               (no ring)
MPRegen 0.08/turn               (no ring)

@: no status effects
A: no striking features
a: no special abilities


You were on level 4 of the Dungeon.
You visited 1 branch of the dungeon, and saw 4 of its levels.

You collected 131 gold pieces.

Inventory:

Hand Weapons
 a - a +0 hand axe (weapon)
 h - a +0 whip
 i - a +0 dagger
 k - a +0 club
 n - a +0 flail
 s - a +0 falchion
 t - a +0 club
 u - a +0 hand axe
 v - a +0 mace
 x - a +0 trident of protection
 B - a +0 flail
 D - a +0 short sword
 E - a +0 club
 F - a +0 quarterstaff
Missiles
 m - 3 stones (quivered)
Armour
 b - a +0 robe
 e - a +0 leather armour
 o - a +0 leather armour
 r - the +0 leather armour of Kuighoto {-Tele rC+ Int+6}
   (You found it on level 3 of the Dungeon)

   Int:       It affects your intelligence (+6).
   rC:        It protects you from cold.
   -Tele:     It prevents most forms of teleportation.
 y - a +0 chain mail (worn)
 z - a +0 ring mail
 C - a +0 ring mail
Magical Staves
 j - a staff of earth
Wands
 w - a wand of roots (12)
Scrolls
 G - a scroll of magic mapping
Potions
 c - a potion of ambrosia
 l - 2 potions of heal wounds {unknown}
 p - 3 potions of mutation {unknown}
 q - a potion of curing {unknown}
 A - a potion of flight {unknown}


   Skills:
 * Level 4.2 Fighting
 + Level 4.7 Axes
 * Level 0.7 Armour
 + Level 2.7 Dodging
 - Level 1.5 Stealth


You had 2 spell levels left.
You didn't know any spells.
Your spell library was empty.

Dungeon Overview and Level Annotations

Branches:
Dungeon (4/15)
 Temple: D:4-7

Altars:
Hepliaklqana
Nemelex Xobeh
Trog
Zin

Annotations:
D:4 Grinder


Message History

Grinder comes into view.
Grinder shouts!
Grinder says, "You look like you could use a good racking."
Found 9 gold pieces.
You hear the slow hiss of a very distant avalanche of sand.
You see here 8 gold pieces.
Grinder gestures at you. Pain shoots through your body!
Grinder blinks!
You hit Grinder but do no damage. Grinder gestures at you.
Pain shoots through your body!
You closely miss Grinder. Grinder barely misses you.
You hit Grinder but do no damage. Grinder hits you but does no damage.
You hit Grinder.
Grinder is lightly wounded.
Grinder hits you but does no damage.
You hit Grinder but do no damage.
Grinder is lightly wounded.
Grinder hits you but does no damage.
You closely miss Grinder.
Grinder is lightly wounded.
Grinder hits you.
* * * LOW HITPOINT WARNING * * *
You writhe in agony.
* * * LOW HITPOINT WARNING * * *
As you read the scroll labelled GAHYDA AZ JAU, it crumbles to dust.
You assume a fearsome visage.
Grinder looks frightened!
It was a scroll of fear.
Grinder blinks!
As you read the scroll labelled SECZUO RUINK, it crumbles to dust.
It is a scroll of identify.
G - a scroll of magic mapping
As you read the scroll labelled QAVOWE APTO, it crumbles to dust.
A profound silence engulfs you.
It was a scroll of silence.
You now have 131 gold pieces (gained 8).
You start resting.
Grinder is nearby!
Your hearing returns.
Grinder attacks as you move away! Grinder hits you!
You die...

#.#####.# #.# ##+## #.# #.#
##...## #.# #.## ##.....#
#.# ###..# ##......# ...
#.##.# ##.......# ._.
#..#.######.
.+.......#.....#...........
##.....<.#.###.#.5#.######.
##......#.#p#.#@##.#
##.....# #.$...# ##...##
#.#...# ######'### #.#.#.#
#........## #.#5#.#
.......#..# #... .#
#.###..#.#.# ###. ## #.#
#...## .# #.##.....# ..


You could see Grinder.

Vanquished Creatures
  2 dart slugs (D:3)
  5 orcs (D:3)
  3 ball pythons (D:1)
  2 endoplasms
  2 giant cockroaches
  2 goblins
  4 hobgoblins
  A quokka (D:4)
  2 frilled lizards
  2 kobolds
  A rat (D:3)
26 creatures vanquished.

Vanquished Creatures (others)
  4 toadstools (D:1)
4 creatures vanquished.

Grand Total: 30 creatures vanquished

Notes
Turn   | Place    | Note
-------+----------+-------------------------------------------
     0 | D:1      | gzilladon the Hill Orc Monk began the quest for the Orb.
     0 | D:1      | Reached XP level 1. HP: 19/19 MP: 1/1
   268 | D:1      | Reached XP level 2. HP: 27/27 MP: 2/2
   551 | D:3      | Identified the +0 leather armour of Kuighoto {-Tele rC+
                  | Int+6}
   628 | D:3      | Found a faded altar of an unknown god.
   816 | D:3      | Found a glowing silver altar of Zin.
   816 | D:3      | Found a hazy altar of Hepliaklqana.
   841 | D:3      | Found a sparkling altar of Nemelex Xobeh.
   986 | D:3      | Reached XP level 3. HP: 15/33 MP: 3/3
  1811 | D:4      | Found a bloodstained altar of Trog.
  1815 | D:4      | Noticed a wizard
  1852 | D:4      | Noticed Grinder
  1896 | D:4      | Slain by Grinder

Illustrated notes

Levels and vault maps discovered:
D:1:      ldierk_walled_garden_2, layout_rooms
D:2:      cheibrodos_old_hovel, layout_basic
D:3:      layout_basic, nemelex_xobeh_ov_fountains_minmay,
          mainiacjoe_overflow_divided_tiny,
          hellmonk_ecumenical_altar_leap_of_faith, minmay_misc_feat_x,
          minmay_misc_feat_secret_circle, kennysheep_generic_room_16
D:4:      layout_loops_corners, trog_wizard, grunt_qazlal_clouds, temple_hall,
          nicolae_ossuary_entry_monument, uniq_grinder

Skill      XL: |  1 |
---------------+----+-----
Fighting       | 4 |  4.2
Axes           | |  4.7
Armour         | |  0.7
Dodging        | |  2.7
Stealth        | |  1.5

Action                   || total
-------------------------++-------
Melee: Hand axe          ||    82
       Punch             ||     1
  Use: Scroll            ||     3
 Stab: Sleeping          ||     2
Armor: Leather armour    ||     5
       Robe              ||     1
       Chain mail        ||    18
Dodge: Dodged            ||    43
